 Dungeon Crawl Stone Soup version 0.29.1-2-gbd0b4ee654 (webtiles) character file.

Game seed: 8515676127257502245

5103 MTVSty1e the Cleaver (level 10, -9/94 HPs)
             Began as a Minotaur Fighter on Oct 23, 2022.
             Was a Believer of Okawaru.
             Killed by divine providence
             ... invoked by a meliai
              (11 damage)
             ... on level 8 of the Dungeon.
             The game lasted 00:09:22 (8719 turns).

MTVSty1e the Cleaver (Minotaur Fighter)             Turns: 8719, Time: 00:09:23

Health: -9/94      AC: 25    Str: 26    XL:     10   Next: 32%
Magic:  9/9        EV:  4    Int:  5    God:    Okawaru [**....]
Gold:   507        SH:  5    Dex: 15    Spells: 9/9 levels left

rFire   . . .      SeeInvis .   A - +3 war axe
rCold   . . .      Faith    .   c - +0 buckler
rNeg    . . .      Spirit   .   b - +3 crystal plate armour
rPois   .          Reflect  .   (helmet restricted)
rElec   .          Harm     .   p - +0 cloak
rCorr   .          Rampage  .   z - +0 pair of gloves
Will    .....                   k - +2 pair of boots
Stlth   ..........              (no amulet)
HPRegen 0.25/turn               m - +6 ring of dexterity
MPRegen 0.11/turn               (no ring)

@: on berserk cooldown, slowed, very slow
A: horns 2, retaliatory headbutt
a: Renounce Religion, Heroism


You were on level 8 of the Dungeon.
You worshipped Okawaru.
Okawaru was pleased with you.
You visited 2 branches of the dungeon, and saw 9 of its levels.

You collected 507 gold pieces.

Inventory:

Hand Weapons
 j - a +0 whip of flaming
 A - a +3 war axe (weapon)
Armour
 b - a +3 crystal plate armour (worn)
 c - a +0 buckler (worn)
 k - a +2 pair of boots (worn)
 p - a +0 cloak (worn)
 z - a +0 pair of gloves (worn)
Jewellery
 m - a +6 ring of dexterity (left hand)
 u - a ring of ice
Wands
 d - a wand of quicksilver (7)
 r - a wand of flame (30)
 s - a wand of roots (2)
 y - a wand of mindburst (10)
Scrolls
 h - 4 scrolls of identify
 l - a scroll of magic mapping
 n - a scroll of silence {unknown}
 x - a scroll of teleportation
Potions
 e - 4 potions of curing
 f - a potion of heal wounds
 i - a potion of magic {unknown}
 o - 2 potions of lignification
 q - a potion of brilliance
 t - a potion of cancellation
 v - a potion of resistance {unknown}


   Skills:
 + Level 10.8 Fighting
 * Level 14.3 Axes
 + Level 5.1 Armour
 + Level 5.2 Shields


You had 9 spell levels left.
You didn't know any spells.
Your spell library contained the following spells:

 Spells                   Type           Power      Damage    Failure   Level
 Magic Dart               Conj           0%         1d3       100%        1
 Gell's Gravitas          Tloc           0%         N/A       100%        3
 Lesser Beckoning         Tloc           0%         N/A       100%        3
 Mephitic Cloud           Conj/Pois/Air  0%         N/A       100%        3
 Teleport Other           Tloc           0%         N/A       100%        3
 Blade Hands              Tmut           0%         N/A       100%        5
 Iron Shot                Conj/Erth      0%         9d1       100%        6
 Call Imp                 Summ           Unusable   N/A       N/A         2
 Animate Armour           Summ/Erth      Unusable   N/A       N/A         4

Dungeon Overview and Level Annotations

Branches:
Dungeon (8/15)             Temple (1/1) D:6
   Lair: D:8-11

Altars:
Ashenzari
Cheibriados
Dithmenos
Elyvilon
Fedhas
Gozag
Hepliaklqana
Kikubaaqudgha
Makhleb
Nemelex Xobeh
Okawaru
Qazlal
Ru
Sif Muna
Trog
Vehumet
Wu Jian
Xom
Yredelemnul
Zin
The Shining One

Shops:
D:7 (


Innate Abilities, Weirdness & Mutations

You have a pair of horns on your head.
You reflexively headbutt those who attack you in melee.


Message History

The meliai hits you but does no damage.
The meliai stings you but does no damage.
The meliai hits you with a +0 war axe.
* * * LOW HITPOINT WARNING * * *
The meliai barely misses you. The meliai hits you but does no damage.
The meliai stings you.
* * * LOW HITPOINT WARNING * * *
You are lethally poisoned!
The meliai poisons you!
You feel much better.
You feel extremely sick. The meliai hits you but does no damage.
The meliai stings you but does no damage.
You block the meliai's attack. x2; The meliai hits you with a +0 war axe.
The meliai stings you but does no damage.
You hit the meliai but do no damage.
The meliai is almost dead.
You feel very sick. The meliai hits you with a +0 war axe!
* * * LOW HITPOINT WARNING * * *
The meliai stings you but does no damage.
The meliai hits you with a +0 war axe!
* * * LOW HITPOINT WARNING * * *
The meliai stings you!
* * * LOW HITPOINT WARNING * * *
You feel better. The meliai hits you with a +0 war axe.
* * * LOW HITPOINT WARNING * * *
You block the meliai's attack.
The meliai calls down the wrath of its god upon you.
Something smites you!
* * * LOW HITPOINT WARNING * * *
The meliai hits you but does no damage. You block the meliai's attack.
You feel better. The meliai hits you but does no damage. The meliai stings you.
* * * LOW HITPOINT WARNING * * *
The meliai mumbles some strange prayers to its god against you.
Something smites you!
* * * LOW HITPOINT WARNING * * *
The meliai mumbles some strange prayers to its god against you.
Something smites you!
You die...

.....#..#... ##.. ... $.
#........... #...
#.##.###............
#..####....... ........... .
#...#.......# ..#........
... #..........#..##........
.#..#.....# .....# ##....###
#.........##y....# #.......
#..<...@)....# #.#.####
#............## #.#.##
#................#....##
#....##.................#.
...... #...................
....... ......<.......†.<...
....#.......................
....##......#...............
....[.......


You could see a meliai.

Vanquished Creatures
  Pikel (D:5)
  A cyclops (D:7)
  A troll (D:8)
  Prince Ribbit (D:5)
  Sigmund (D:5)
  A steam dragon (D:7)
  Edmund (D:5)
  2 water moccasins
  2 ice beasts
  2 orc warriors (D:8)
  2 black bears
  A sky beast (D:6)
  An ogre (D:5)
  2 lemures (D:5)
  3 centaurs
  A phantom (D:5)
  A bullfrog (D:7)
  A necrophage (D:5)
  3 scorpions
  13 wights
  4 killer bees (D:8)
  2 howler monkeys
  2 jellies (D:6)
  4 orc priests
  4 hounds
  A gnoll bouda (D:4)
  Crazy Yiuf (D:3)
  2 iguanas
  6 orc wizards
  11 gnolls
  13 adders
  2 white imps
  An ufetubus (D:6)
  2 worms
  5 dart slugs
  40 orcs
  6 ball pythons
  6 endoplasms
  4 giant cockroaches
  6 goblins
  18 hobgoblins
  7 jackals (D:3)
  5 quokkas
  5 bats
  13 kobolds
  5 rats
216 creatures vanquished.

Notes
Turn   | Place    | Note
-------+----------+-------------------------------------------
     0 | D:1      | MTVSty1e the Minotaur Fighter began the quest for the Orb.
     0 | D:1      | Reached XP level 1. HP: 19/19 MP: 0/0
   124 | D:1      | Reached skill level 3 in Axes
   155 | D:1      | Reached XP level 2. HP: 27/27 MP: 1/1
   450 | D:1      | Reached XP level 3. HP: 20/33 MP: 2/2
   739 | D:1      | Found a faded altar of an unknown god.
  1087 | D:2      | Reached skill level 4 in Axes
  1754 | D:2      | Reached XP level 4. HP: 39/39 MP: 3/3
  1911 | D:3      | Reached skill level 5 in Axes
  2080 | D:3      | Reached XP level 5. HP: 47/47 MP: 4/4
  2088 | D:3      | Reached skill level 5 in Fighting
  2161 | D:3      | Reached skill level 6 in Axes
  2288 | D:3      | Reached XP level 6. HP: 38/56 MP: 5/5
  2868 | D:3      | Found a runed translucent door.
  2869 | D:3      | Noticed Crazy Yiuf
  2988 | D:3      | Killed Crazy Yiuf
  3124 | D:4      | Reached skill level 7 in Axes
  3404 | D:4      | Found a shimmering blue altar of Sif Muna.
  3759 | D:4      | Reached XP level 7. HP: 46/63 MP: 6/6
  3774 | D:4      | Found a hazy altar of Hepliaklqana.
  4023 | D:4      | Reached skill level 8 in Axes
  4427 | D:5      | Entered Level 5 of the Dungeon
  4432 | D:5      | Noticed Sigmund
  4443 | D:5      | Killed Sigmund
  4447 | D:5      | Reached skill level 9 in Axes
  4584 | D:5      | Reached XP level 8. HP: 45/73 MP: 7/7
  4716 | D:5      | Noticed Prince Ribbit
  4735 | D:5      | Killed Prince Ribbit
  4933 | D:5      | Reached skill level 10 in Axes
  5322 | D:5      | Noticed Pikel
  5620 | D:5      | Identified a scroll of acquirement
  5620 | D:5      | Acquired a +2 crystal plate armour
  5828 | D:5      | Noticed Edmund
  5841 | D:5      | Killed Edmund
  5842 | D:5      | Reached skill level 11 in Axes
  5927 | D:5      | Killed Pikel
  5928 | D:5      | Reached XP level 9. HP: 63/83 MP: 8/8
  6046 | D:6      | Reached skill level 12 in Axes
  6568 | D:6      | Found a staircase to the Ecumenical Temple.
  6615 | Temple   | Entered the Ecumenical Temple
  6687 | Temple   | Became a worshipper of Warmaster Okawaru
  6788 | D:6      | Found a sparkling altar of Nemelex Xobeh.
  7009 | D:6      | Found an ancient bone altar of Kikubaaqudgha.
  7184 | D:7      | Reached skill level 13 in Axes
  7230 | D:7      | Reached skill level 10 in Fighting
  7476 | D:7      | Found Laoryxa's Weapon Emporium.
  8025 | D:7      | Reached * piety under Okawaru
  8114 | D:7      | Reached XP level 10. HP: 94/94 MP: 9/9
  8126 | D:7      | Found a bloodstained altar of Trog.
  8370 | D:8      | Reached skill level 14 in Axes
  8482 | D:8      | Noticed a centaur warrior
  8691 | D:8      | Noticed a cyclops
  8699 | D:7      | Killed a cyclops
  8699 | D:7      | Reached ** piety under Okawaru
  8700 | D:7      | Reached skill level 5 in Armour
  8700 | D:7      | Reached skill level 5 in Shields
  8718 | D:8      | HP: 4/94 [meliai/divine providence (9)]
  8719 | D:8      | Killed from afar by a meliai

Illustrated notes

Levels and vault maps discovered:
D:1:      matt_arrival_refuge, layout_basic,
          shapermc_ecumenical_altar_mp_highgroup, minmay_distorted
D:2:      layout_basic
D:3:      layout_rooms, feat_on_display, uniq_crazy_yiuf_cottage
D:4:      corexii_shantytown, layout_loops_ring, old_standard_altar,
          lemuel_crystal_altar
D:5:      layout_rooms, serial_corexii_hall, corexii_hall_statues_u,
          chequers_hall_statues_y, corexii_hall_statues_l,
          chequers_hall_statues_y, corexii_hall_statues_deadend,
          chequers_hall_statues_wall_a, uniq_prince_ribbit1, uniq_pikel,
          uniq_edmund, uniq_sigmund
D:6:      layout_loops_ring, nicolae_kikubaaqudgha_miasma_corner,
          general_overflow_altar, temple_statues
D:7:      layout_loops_ring, lemuel_coloured_pillars_altar, serial_shops, shop
D:8:      minmay_bloctagon_deflated, layout_cave_pools, serial_shops,
          nicolae_shop_stone
Temple:   compressed_dpeg_triangle_lava_temple

Skill      XL: |  1  2  3  4  5  6  7  8  9 10 |
---------------+-------------------------------+-----
Axes           | 3 4 5 6 7 9 11 13 14 | 14.3
Fighting       | 4 5 6 7 9 10 | 10.8
Armour         | 4 5 |  5.1
Shields        | 4 5 |  5.2

Action                   |  1- 3 |  4- 6 |  7- 9 | 10-12 || total
-------------------------+-------+-------+-------+-------++-------
Melee: War axe           |    82 |   158 |   288 |    41 ||   569
       Headbutt          |     8 |    35 |    50 |     4 ||    97
       Hand axe          |       |       |    23 |       ||    23
  Use: Scroll            |       |     7 |     8 |       ||    15
       Potion            |       |     1 |     2 |     6 ||     9
Armor: Scale mail        |    31 |       |       |       ||    31
       Plate armour      |    29 |    82 |    87 |       ||   198
       Crystal plate arm |       |       |   109 |    73 ||   182
Dodge: Dodged            |    35 |    41 |    52 |    21 ||   149
Block: Buckler           |    17 |    25 |    60 |    26 ||   128
